 Dungeon Crawl Stone Soup version 0.20-a0-303-g575bbf7 (webtiles) character file.

2896 Havercy the Spear-Bearer (level 9, -4/61 HPs)
             Began as an Octopode Fighter on Dec 16, 2016.
             Was a Believer of Yredelemnul.
             Slain by a sky beast (5 damage)
             ... on level 8 of the Dungeon.
             The game lasted 00:08:58 (7185 turns).

Havercy the Spear-Bearer (Octopode Fighter)         Turns: 7185, Time: 00:08:58

Health: -4/61      AC:  1    Str: 15    XL:     9   Next: 77%
Magic:  11/11      EV: 16    Int: 15    God:    Yredelemnul [**....]
Gold:   337        SH:  0    Dex: 15    Spells: 8/8 levels left

rFire  . . .     SeeInvis .     r - +0 glaive
rCold  . . .     Gourm    .     (shield currently unavailable)
rNeg   . . .     Faith    .     (helmet restricted)
rPois  +         Spirit   .     g - amulet of regeneration
rElec  .         Reflect  .     (no ring)
rCorr  .         Harm     .     (no ring)
MR     .....                    (no ring)
Stlth  ++++......               (no ring)
                                (no ring)
                                (no ring)
                                (no ring)
                                (no ring)

@: brilliant
A: almost no armour, stealthy swim, amphibious, 8 rings, constrict 8, camouflage
1, blink, blurry vision 1, poison resistance, gelatinous body 1
a: Blink, Animate Remains, Recall Undead Slaves, Injury Mirror, Renounce
Religion


You were on level 8 of the Dungeon.
You worshipped Yredelemnul.
Yredelemnul was pleased with you.
You were not hungry.

You visited 2 branches of the dungeon, and saw 9 of its levels.
You also visited: Ossuary.

You collected 337 gold pieces.

Inventory:

Hand Weapons
 a - a +0 trident
 r - a +0 glaive (weapon)
Armour
 e - a +2 shield
 u - a +0 buckler
Jewellery
 g - an amulet of regeneration (around mantle)
Scrolls
 f - a scroll of immolation
 h - 2 scrolls of teleportation
 n - a scroll of remove curse
 p - 3 scrolls of fog
 q - 2 scrolls of blinking
 t - 3 scrolls of identify
 x - a scroll of noise {unknown}
Potions
 c - 2 potions of might
 i - a potion of curing
 k - 4 potions of haste
 l - 4 potions of heal wounds
 m - a potion of cure mutation
 o - 2 potions of magic
 w - a potion of brilliance
Books
 j - a book of Frost

   Spells                             Type                      Level
   a - Freeze                         Ice                          1
   b - Throw Frost                    Conjuration/Ice              2
   c - Ozocubu's Armour               Charms/Ice                   3
   d - Throw Icicle                   Conjuration/Ice              4
   e - Summon Ice Beast               Ice/Summoning                4
Comestibles
 b - 6 fruits
 d - 2 bread rations
 s - 3 meat rations


   Skills:
 + Level 5.5 Fighting
 * Level 9.8 Polearms
 + Level 4.8 Dodging
 + Level 4.9 Stealth
 - Level 4.9 Shields
 * Level 3.9 Invocations


You had 8 spell levels left.
You didn't know any spells.

Dungeon Overview and Level Annotations

Branches:
Dungeon (8/15)             Temple (1/1) D:5
   Lair: D:8-11

Altars:
Ashenzari
Dithmenos
Fedhas
Gozag
Hepliaklqana
Kikubaaqudgha
Makhleb
Nemelex Xobeh
Okawaru
Qazlal
Ru
Trog
Uskayaw
Vehumet
Yredelemnul
Zin
The Shining One


Innate Abilities, Weirdness & Mutations

You cannot wear most types of armour.
You are very stealthy in the water. (Stealth+)
You are amphibious.
You can wear up to eight rings at the same time.
You can use your tentacles to constrict eight enemies at once.
Your skin changes colour to match your surroundings (Stealth+).
Your rubbery body absorbs attacks. (AC +1, EV +1)
You can translocate small distances at will.
Scrolls take you a little longer to read.
Your system is resistant to poisons. (rPois)


Message History

The sky beast is almost dead.
The sky beast hits you.
* * * LOW HITPOINT WARNING * * *
The sky beast shocks you.
* * * LOW HITPOINT WARNING * * *
The sky beast hits you.
* * * LOW HITPOINT WARNING * * *
The sky beast shocks you.
* * * LOW HITPOINT WARNING * * *
You miss the sky beast. Your squeeze misses the sky beast.
The sky beast is almost dead.
The sky beast closely misses you.
Unknown command.
You barely miss the sky beast. Your squeeze misses the sky beast.
The sky beast is almost dead.
The sky beast hits you.
* * * LOW HITPOINT WARNING * * *
The sky beast shocks you.
You die...
Your body rises from the dead as a mindless zombie.

##.......... .#.
........(.. ..y#
#.......... .....
.......... #..K##....).#
.##........# ........<..#
### .##......#######.##
........(..Y@....<######.#
###.....#######..........#
#.....# ##.z...######...
##.#### #..###.# #.[..#
#z## #.# ## #..##.# #.#
#....# #.# ###.z####.#
#..(.##..


You could see a sky beast.

Vanquished Creatures
  Pikel (D:4)
  The ghost of Goblin1989 the Slasher, an amateur DsMo of Gozag (D:5)
  Sigmund (D:6)
  A wyvern (D:8)
  An ice beast (D:7)
  An orc warrior (D:6)
  A sky beast (D:8)
  A slave (D:4)
  A black bear (D:7)
  An ogre (D:4)
  A big kobold (D:8)
  4 scorpions
  3 killer bees (D:8)
  2 wights (D:8)
  A bullfrog zombie (D:6)
  5 orc wizards
  2 hounds (D:4)
  2 centaur zombies
  2 orc priests (D:5)
  4 bullfrog skeletons
  An iguana (D:4)
  Ijyb (D:2)
  3 worker ants
  4 big kobold zombies (Ossuary)
  4 mummies (Ossuary)
  A worker ant zombie (D:5)
  A howler monkey skeleton (D:4)
  14 adders
  A shadow imp (D:5)
  3 oozes
  2 adder zombies
  An adder skeleton (D:8)
  4 worms
  3 dart slugs (D:1)
  8 leopard geckos
  23 orcs
  3 giant cockroaches
  7 hobgoblins
  7 jackals
  3 quokkas
  A ball python (D:3)
  A ball python zombie (D:5)
  7 bats
  3 frilled lizards
  5 goblins
  3 hobgoblin zombies (Ossuary)
  13 kobolds
  6 rats
169 creatures vanquished.

Vanquished Creatures (others)
  3 slaves (D:5)
  An ice beast (D:5)
  A hound zombie (D:5)
5 creatures vanquished.

Grand Total: 174 creatures vanquished

Notes
Turn   | Place    | Note
-------+----------+-------------------------------------------
     0 | D:1      | Havercy the Octopode Fighter began the quest for the Orb.
     0 | D:1      | Reached XP level 1. HP: 16/16 MP: 1/1
    70 | D:1      | Reached XP level 2. HP: 21/21 MP: 2/2
   494 | D:1      | Reached XP level 3. HP: 26/26 MP: 3/3
   851 | D:2      | Noticed Ijyb
   862 | D:2      | Killed Ijyb
   862 | D:2      | Reached XP level 4. HP: 2/31 MP: 4/4
  1160 | D:2      | Reached skill level 3 in Polearms
  1160 | D:2      | Reached skill level 1 in Stealth
  1390 | D:2      | Reached XP level 5. HP: 31/36 MP: 5/5
  1788 | D:3      | Found a faded altar of an unknown god.
  2329 | D:3      | Gained mutation: Your system is resistant to poisons. (rPois) [potion of mutation]
  2329 | D:3      | Gained mutation: Scrolls take you a little longer to read. [potion of mutation]
  2329 | D:3      | Gained mutation: You can translocate small distances at will. [potion of mutation]
  2529 | D:3      | Reached skill level 4 in Polearms
  2823 | D:4      | Noticed an ogre
  2836 | D:4      | Killed an ogre
  2836 | D:4      | Reached XP level 6. HP: 43/43 MP: 6/6
  2854 | D:4      | Reached skill level 5 in Polearms
  2995 | D:4      | Reached XP level 7. HP: 48/48 MP: 7/7
  3361 | D:5      | Entered Level 5 of the Dungeon
  3420 | D:5      | Noticed Pikel
  3447 | D:4      | Killed Pikel
  3447 | D:4      | Reached skill level 7 in Polearms
  3447 | D:4      | Reached XP level 8. HP: 49/54 MP: 8/8
  3470 | D:5      | Found a staircase to the Ecumenical Temple.
  3530 | Temple   | Entered the Ecumenical Temple
  3752 | Temple   | Became a worshipper of Yredelemnul the Dark
  3813 | D:5      | Noticed Goblin1989's ghost (amateur DsMo)
  4012 | D:6      | Noticed Sigmund
  4028 | D:6      | Killed Sigmund
  4116 | D:6      | Reached skill level 1 in Invocations
  4625 | D:6      | Found a sacrificial altar of Ru.
  4876 | D:7      | Found a sand-covered staircase.
  4886 | Ossuary  | Entered an ossuary
  5358 | D:7      | Reached skill level 8 in Polearms
  5491 | D:7      | Reached * piety under Yredelemnul
  5491 | D:7      | Reached XP level 9. HP: 60/60 MP: 10/10
  5891 | D:5      | Reached skill level 5 in Fighting
  6166 | D:5      | Killed Goblin1989's ghost
  6166 | D:5      | Reached skill level 9 in Polearms
  6816 | D:5      | Found a sacrificial altar of Ru.
  7148 | D:8      | Reached ** piety under Yredelemnul
  7170 | D:8      | HP: 1/61 [wyvern (16)]
  7183 | D:8      | HP: 2/61 [sky beast (6)]
  7185 | D:8      | Slain by a sky beast

Vault maps used:
D:1:      minmay_arrival_split_and_join, corner_web_ring
D:2:      uniq_iyjb
D:3:      first_bread, chequers_ecumenical_altar_simple
D:4:      minmay_distorted
D:5:      basic_altar, uniq_pikel
D:6:      kennysheep_little_box, uniq_sigmund
D:7:      enter_ossuary_1
D:8:      chequers_temple_overflow_minitemple, david_lair_generic
Temple:   eino_temple_scatter_basement
Ossuary:  ossuary_the_hunt_dpeg

Skill      XL: |  1  2  3  4  5  6  7  8  9 |
---------------+----------------------------+-----
Polearms       | 3 4 5 7 8 9 |  9.8
Stealth        | 1 2 3 4 |  4.9
Shields        | 4 |  4.9
Fighting       | 4 5 |  5.5
Dodging        | 4 |  4.8
Invocations    | 2 3 |  3.9

Action                   |  1- 3 |  4- 6 |  7- 9 || total
-------------------------+-------+-------+-------++-------
Melee: Trident           |    67 |   136 |   159 ||   362
       Tentacles         |    12 |    23 |    54 ||    89
       Constrict         |    10 |    29 |    51 ||    90
       Glaive            |       |       |   177 ||   177
  Use: Potion            |     2 |     1 |     7 ||    10
       Scroll            |       |     5 |     7 ||    12
 Stab: Sleeping          |     3 |     7 |    11 ||    21
  Eat: Chunk             |       |     7 |     3 ||    10
       Beef jerky        |       |       |     3 ||     3
       Pizza             |       |       |     1 ||     1
       Bread ration      |       |       |     1 ||     1
Armor: Skin              |     2 |     5 |    56 ||    63
Dodge: Dodged            |    17 |    38 |   209 ||   264
Block: Shield            |    15 |    54 |     9 ||    78
       Buckler           |       |       |    19 ||    19
